 Dungeon Crawl Stone Soup version 0.14-a0-1036-g6cac21b (webtiles) character file.

91 PolkaDot the Ruinous (level 3, -4/24 HPs)
             Began as a Vampire Conjurer on Nov 24, 2013.
             Slain by a gnoll
             ... wielding a +0,+0 halberd
              (16 damage)
             ... on Level 2 of the Dungeon.
             The game lasted 00:03:27 (1294 turns).

PolkaDot the Ruinous (Vampire Conjurer)             Turns: 1294, Time: 00:03:27

HP  -4/24        AC  3     Str  7      XL: 3   Next: 48%
MP   3/6         EV 12     Int 18      God:
Gold 44          SH  0     Dex 14      Spells:  2 memorised,  1 level left

Res.Fire  : . . .   See Invis. : +   (no weapon)
Res.Cold  : . . .   Warding    : .   a - +0 robe
Life Prot.: . . .   Conserve   : .   (no shield)
Res.Poison: .       Res.Corr.  : .   (no helmet)
Res.Elec. : .       Clarity    : .   (no cloak)
Sust.Abil.: . .     Spirit.Shd : .   e - +0 pair of gloves
Res.Mut.  : .       Stasis     : .   (no boots)
Res.Rott. : .       Flight     : .   (no amulet)
Saprovore : . . .                    (no ring)
                                     (no ring)

@: regenerating quickly, slightly resistant to hostile enchantments, stealthy
A: fangs 3, see invisible, unbreathing
a: no special abilities


You were on level 2 of the Dungeon.
You were full.

You visited 1 branch of the dungeon, and saw 2 of its levels.

You collected 44 gold pieces.

Inventory:

Armour
 a - a +0 robe (worn)
 e - a +0 pair of gloves (worn)
Scrolls
 d - a scroll of remove curse {unknown}
 f - a scroll of amnesia {unknown}
 g - a scroll of enchant armour {unknown}
 h - 2 scrolls of curse weapon {unknown}
 j - a scroll of recharging {unknown}
 k - a scroll of identify {unknown}
 m - a scroll of noise {unknown}
Jewellery
 l - a +1 ring of dexterity {unknown}
Potions
 b - a potion of blood
 i - a potion of agility {unknown}
Books
 c - a book of Conjurations

   Spells                             Type                      Level
   *Magic Dart                        Conjuration                  1
   *Searing Ray                       Conjuration                  2
   Dazzling Spray                     Conjuration/Hexes            3
   Iskenderun's Mystic Blast          Conjuration                  4
   Iskenderun's Battlesphere          Conjuration/Charms           4
   Fulminant Prism                    Conjuration/Hexes            5


   Skills:
 - Level 2.1 Dodging
 - Level 3.0 Stealth
 - Level 1.0 Spellcasting
 * Level 4.0 Conjurations


You had one spell level left.
You knew the following spells:

 Your Spells              Type           Power        Failure   Level  Hunger
s - Searing Ray           Conj           ###...       8%          2    ###....
z - Magic Dart            Conj           ###.         4%          1    ##.....


Dungeon Overview and Level Annotations

Branches:
Dungeon (2/16)

Altars:


Innate Abilities, Weirdness & Mutations

Your natural rate of healing is unusually fast.
You have razor-sharp teeth.*
You have supernaturally acute eyesight.
You can survive without breathing.*


Message History

You stop draining the corpse.
All blood oozes out of the corpse!
The gnoll shouts!
Casting: Searing Ray
Confirm with . or Enter, or press ? or * to list all spells.
You don't know that spell.
Unknown command.
Casting: Searing Ray
Confirm with . or Enter, or press ? or * to list all spells.
Aiming: Searing Ray
Press: ? - help, Shift-Dir - straight line, f - gnoll
Aim: a gnoll, wielding a halberd The searing ray hits the gnoll.
The gnoll is moderately wounded.
The gnoll hits you from afar with a halberd!
Ouch! That really hurt!
The searing ray hits the gnoll.
The gnoll is severely wounded.
The gnoll hits you from afar with a halberd!
Ouch! That really hurt!
You die...

######### #...#...# #
#...#...#
##...####...#...#####
#......)).............
#.....######@....#.##
... #.....# # #g....#
##'#### ##.# ##
##..#####..#
######...........#
#...+...⌠.[>..⌠...
....##...........#


You could see a gnoll.

Vanquished Creatures
  2 gnolls (D:2)
  A giant gecko (D:1)
  7 bats
  2 giant cockroaches (D:1)
  2 goblins (D:1)
  4 hobgoblins
  4 kobolds (D:1)
  2 giant newts
  5 rats
29 creatures vanquished.

Notes
Turn   | Place    | Note
--------------------------------------------------------------
     0 | D:1      | PolkaDot, the Vampire Conjurer, began the quest for the Orb.
     0 | D:1      | Reached XP level 1. HP: 13/13 MP: 4/4
   284 | D:1      | Reached XP level 2. HP: 14/19 MP: 1/5
   367 | D:1      | Learned a level 2 spell: Searing Ray
  1208 | D:2      | Reached XP level 3. HP: 24/24 MP: 3/6
  1234 | D:2      | Reached skill level 4 in Conjurations
  1294 | D:2      | Slain by a gnoll

Action                   || total
-------------------------++-------
Melee: Unarmed           ||    12
 Cast: Magic Dart        ||    48
       Searing Ray       ||     2
